 Dungeon Crawl Stone Soup version 0.31-b1-20-g67cafac56d (webtiles) character file.

Game seed: 4957682558351657423

89 Sinnistrad the Trooper (level 4, -4/40 HPs)
             Began as a Minotaur Fighter on Jan 17, 2024.
             Engulfed by a steam dragon's steam (8 damage)
             ... on level 3 of the Dungeon.
             The game lasted 00:06:12 (1322 turns).

Sinnistrad the Trooper (Minotaur Fighter)           Turns: 1322, Time: 00:06:12

Health: -4/40      AC:  8    Str: 21    XL:     4   Next: 31%
Magic:  3/3        EV:  9    Int:  5    God:
Gold:   82         SH:  4    Dex: 11    Spells: 3/3 levels left

rFire   . . .        a - +0 trident
rCold   . . .        c - +0 buckler
rNeg    . . .        b - +1 scale mail
rPois   .            (helmet restricted)
rElec   .            (no cloak)
rCorr   .            (no gloves)
SInv    .            (no boots)
Will    .....        (no amulet) Stlth
                     (no ring)
HPRegen 0.26/turn    (no ring)
MPRegen 0.08/turn

%: no passive effects
@: no status effects
A: horns 2, retaliatory headbutt
a: no special abilities


You were on level 3 of the Dungeon.
You visited 1 branch of the dungeon, and saw 3 of its levels.

You collected 82 gold pieces.

Inventory:

Hand Weapons
 a - a +0 trident (weapon)
Armour
 b - a +1 scale mail (worn)
 c - a +0 buckler (worn)
 j - a +0 pair of gloves
Jewellery
 k - an amulet of magic regeneration
 l - a +6 ring of strength
Wands
 i - a wand of roots (8)
Potions
 d - 2 potions of might
 e - a potion of attraction {unknown}
 f - 2 potions of degeneration
 g - a potion of haste
 m - a potion of enlightenment {unknown}


   Skills:
 + Level 4.3 Fighting
 + Level 4.1 Polearms
 + Level 4.2 Armour
 + Level 0.2 Dodging
 + Level 4.0 Shields


You had 3 spell levels left.
You didn't know any spells.
Your spell library contained the following spells:

 Spells                   Type           Power      Damage    Failure   Level
 Lesser Beckoning         Tloc           0%         N/A       95%         2
 Gell's Gravitas          Tloc           0%         N/A       99%         3
 Teleport Other           Tloc           0%         N/A       99%         3


Dungeon Overview and Level Annotations

Branches:
Dungeon (3/15)

Altars:
The Shining One


Innate Abilities, Weirdness & Mutations

You have a pair of horns on your head.
You reflexively headbutt those who attack you in melee.


Message History

You are no longer poisoned.
HP restored.
You see here an adder corpse.
Found a stone staircase leading down.
A kobold comes into view.
It is wielding a +0 short sword and quivering poisoned darts.
The kobold shouts!
You reach to attack!
You puncture the kobold!
You kill the kobold!
No target in view!
No target in view!
No target in view!
Things that are here:
a +0 short sword; 2 poisoned darts; a kobold corpse
Found an escape hatch in the ceiling.
There is an escape hatch in the ceiling here.
A steam dragon comes into view.
Found a stone staircase leading up.
Found a stone staircase leading up.
You barely miss the steam dragon.
The steam dragon bites you but does no damage.
The steam dragon claws you but does no damage.
You barely miss the steam dragon. The steam dragon breathes steam at you.
The ball of steam hits you!!
Ouch! That really hurt!
You hear a shout!
You are too injured to fight recklessly!
You are too injured to fight recklessly!
You hit the steam dragon.
The steam dragon is lightly wounded.
You are engulfed in a cloud of scalding steam.
* * * LOW HITPOINT WARNING * * *
The steam dragon barely misses you. You furiously retaliate!
You headbutt the steam dragon! The steam dragon claws you.
* * * LOW HITPOINT WARNING * * *
The steam dragon closely misses you. x2
You closely miss the steam dragon.
The steam dragon is moderately wounded.
You are engulfed in a cloud of scalding steam.
You die...

. ####+## .. ..
#.# ....... ...
#.##..# .......
...< #......
....... .....
..#...
......§####......
#.....
......§§.@D......
#.....
<###..§#####...#
##..... ###.### #
##...... #<..##
##..#.... ###..##
##..###... ##..#
###..###....
##.###.).## #....
#..##.### #....
#.....# #....


You could see a steam dragon (catching breath).

Vanquished Creatures
  3 gnolls (D:2)
  An adder (D:3)
  A ribbon worm (D:2)
  4 dart slugs (D:1)
  4 orcs (D:2)
  A ball python (D:1)
  3 endoplasms (D:2)
  A giant cockroach (D:1)
  2 goblins
  3 hobgoblins
  A jackal (D:1)
  A quokka (D:2)
  5 bats
  3 kobolds
  5 rats
38 creatures vanquished.

Notes
Turn   | Place    | Note
-------+----------+-------------------------------------------
     0 | D:1      | Sinnistrad the Minotaur Fighter began the quest for the
                  | Orb.
     0 | D:1      | Reached XP level 1. HP: 19/19 MP: 0/0
    80 | D:1      | Reached XP level 2. HP: 24/27 MP: 1/1
   658 | D:2      | Reached XP level 3. HP: 33/33 MP: 2/2
   771 | D:2      | Reached XP level 4. HP: 40/40 MP: 3/3
   793 | D:2      | Found a glowing golden altar of the Shining One.
  1316 | D:3      | Noticed a steam dragon
  1322 | D:3      | Engulfed by a steam dragon's steam

Illustrated notes

Levels and vault maps discovered:
D:1:      lemuel_arrival_funnel, layout_loops_ring, minmay_cupped
D:2:      layout_basic, basic_altar
D:3:      layout_rooms, led_xom_imps

Skill      XL: |  1  2  3  4 |
---------------+-------------+-----
Fighting       | 4 |  4.3
Polearms       | 3 4 |  4.1
Armour         | 4 |  4.2
Shields        | 4 |  4.0
Dodging        | |  0.2

Action                     |  1- 3 |  4- 6 || total
---------------------------+-------+-------++-------
  Melee: Trident           |    69 |    31 ||   100
         Headbutt          |     7 |     5 ||    12
    Use: Scroll            |     4 |     2 ||     6
 Armour: Scale mail        |    40 |    18 ||    58
  Dodge: Dodged            |    25 |    10 ||    35
  Block: Buckler           |    12 |     6 ||    18
